[Event "45th FIDE Womens Olympiad 2024"]
[Site "Budapest"]
[Date "2024.09.19"]
[Round "8.191"]
[White "Kaslan, Alexandra"]
[Black "Sezdbekova, Aizhan"]
[Result "1/2-1/2"]
[ECO "D35"]
[WhiteElo "1675"]
[BlackElo "1799"]
[PlyCount "105"]
[EventDate "2024.09.05"]
[EventType "team-tourn"]
[EventCountry "HUN"]
[WhiteTeam "Suriname"]
[BlackTeam "Kyrgyzstan"]
[WhiteTeamCountry "SUR"]
[BlackTeamCountry "KGZ"]
[TimeControl "40/5400+30:1800+30"]

1. d4 Nf6 2. c4 e6 3. Nf3 d5 4. Nc3 Be7 5. cxd5 exd5 6. e3 O-O 7. Bd3 Bg4 8. h3 Bh5 9. O-O c6 10. Be2 Nbd7 11. Qb3 Rb8 12. Re1 Re8 13. Nd2 Bxe2 14. Rxe2 b5 15. Qc2 Qb6 16. a3 a5 17. Nf3 Bd6 18. e4 b4 19. axb4 axb4 20. Na4 Qb5 21. e5 Bc7 22. b3 h6 23. Bb2 Ne4 24. Rc1 Re6 25. Re3 f5 26. Nd2 Nxd2 27. Qxd2 Bd8 28. f4 Be7 29. Qc2 Rf8 30. Qe2 Qb7 31. Qc2 g6 32. Rf1 Rc8 33. Nc5 Bxc5 34. dxc5 Nf6 35. g4 Ne4 36. gxf5 gxf5 37. Kh2 Kh7 38. Rg1 Qf7 39. Re2 Rg8 40. Reg2 Rxg2+ 41. Rxg2 Rg6 42. Bd4 Qg8 43. Rxg6 Qxg6 44. Qd3 h5 45. Qf3 Kh6 46. h4 Kh7 47. Be3 Kg8 48. Qg2 Qxg2+ 49. Kxg2 Kf7 50. Kf3 Ke6 51. Ke2 Kd7 52. Kd3 Ke6 53. Ke2 1/2-1/2

[Event "45th FIDE Womens Olympiad 2024"]
[Site "Budapest"]
[Date "2024.09.19"]
[Round "8.192"]
[White "Abaeva, Aiana"]
[Black "Tjong Tjin Joe, Maylee"]
[Result "1-0"]
[ECO "C78"]
[WhiteElo "1858"]
[BlackElo "1665"]
[PlyCount "77"]
[EventDate "2024.09.05"]
[EventType "team-tourn"]
[EventCountry "HUN"]
[WhiteTeam "Kyrgyzstan"]
[BlackTeam "Suriname"]
[WhiteTeamCountry "KGZ"]
[BlackTeamCountry "SUR"]
[TimeControl "40/5400+30:1800+30"]

1. e4 e5 2. Nf3 Nc6 3. Bb5 Nf6 4. d3 Bc5 5. c3 d6 6. O-O a6 7. Ba4 h6 8. d4 exd4 9. cxd4 Ba7 10. e5 dxe5 11. Nxe5 Bd7 12. Nxc6 Bxc6 13. Re1+ Kd7 14. Bxc6+ bxc6 15. Nc3 Re8 16. Be3 Re7 17. Qa4 Ke8 18. Qxc6+ Kf8 19. Qa4 Qd6 20. h3 Rb8 21. Red1 Rxb2 22. Bc1 Rb4 23. Ba3 Rxa4 24. Bxd6 cxd6 25. Nxa4 Re4 26. Nc3 Rxd4 27. Rxd4 Bxd4 28. Rc1 g5 29. Kf1 Nd7 30. Ne4 Ke7 31. Rc6 Be5 32. Rxa6 f5 33. Nd2 Ke6 34. Nb3 f4 35. Ra7 Bf6 36. a4 d5 37. a5 Kd6 38. a6 Nb6 39. Rb7 1-0

[Event "45th FIDE Womens Olympiad 2024"]
[Site "Budapest"]
[Date "2024.09.19"]
[Round "8.193"]
[White "Martinez Orozco, Cristiana Yorlene"]
[Black "Laamim, Roaa"]
[Result "0-1"]
[ECO "A84"]
[WhiteElo "1761"]
[BlackElo "1879"]
[PlyCount "82"]
[EventDate "2024.09.05"]
[EventType "team-tourn"]
[EventCountry "HUN"]
[WhiteTeam "Nicaragua"]
[BlackTeam "Morocco"]
[WhiteTeamCountry "NCA"]
[BlackTeamCountry "MAR"]
[TimeControl "40/5400+30:1800+30"]

1. d4 d5 2. c4 e6 3. Nf3 f5 4. Bf4 Bd6 5. Bxd6 Qxd6 6. Nc3 Nf6 7. e3 c6 8. Bd3 O-O 9. Qc2 Ne4 10. O-O Nd7 11. Nd2 Rf6 12. Ne2 Rh6 13. g3 Qe7 14. Kg2 Qf7 15. Rh1 Ndf6 16. h3 Nxd2 17. Qxd2 Ne4 18. Qc2 Bd7 19. Ng1 Qf6 20. Nf3 Be8 21. Ne5 Bh5 22. Rac1 Qe7 23. c5 Rf8 24. Be2 Bxe2 25. Qxe2 g5 26. f4 Kh8 27. Qf3 Rg8 28. g4 Rg7 29. fxg5 Nxg5 30. Qf4 Rf6 31. Rcf1 Ne4 32. Qh2 Qd8 33. Rf4 Qa5 34. a3 Qd2+ 35. Kf3 Ng5+ 36. Kg3 Qxe3+ 37. Nf3 Ne4+ 38. Rxe4 fxe4 39. Rf1 Rxf3+ 40. Rxf3 Qxf3+ 41. Kh4 Qf6+ {0-} 0-1

[Event "45th FIDE Womens Olympiad 2024"]
[Site "Budapest"]
[Date "2024.09.19"]
[Round "8.194"]
[White "Chemaou lilya"]
[Black "Cabezas Calero, Abigail Carolina"]
[Result "0-1"]
[ECO "C05"]
[WhiteElo "1565"]
[BlackElo "1824"]
[PlyCount "64"]
[EventDate "2024.09.05"]
[EventType "team-tourn"]
[EventCountry "HUN"]
[WhiteTeam "Morocco"]
[BlackTeam "Nicaragua"]
[WhiteTeamCountry "MAR"]
[BlackTeamCountry "NCA"]
[TimeControl "40/5400+30:1800+30"]

1. e4 e6 2. d4 d5 3. Nd2 c5 4. Ngf3 Nc6 5. Bb5 Nf6 6. e5 Nd7 7. c3 Qb6 8. Qa4 Be7 9. O-O O-O 10. Nb3 Qc7 11. Be3 Nb6 12. Qa3 cxd4 13. Nc5 dxe3 14. fxe3 Nxe5 15. b4 Nec4 16. Qc1 Bxc5 17. bxc5 Qxc5 18. Bxc4 Nxc4 19. Re1 Bd7 20. Rb1 Rab8 21. Kf2 Rfc8 22. Qd1 Nd6 23. Ne5 Ne4+ 24. Kg1 Qd6 25. Nxd7 Qxd7 26. Qd4 b6 27. Rb3 Rc4 28. Qe5 Qd6 29. Qxd6 Nxd6 30. Ra3 Rb7 31. Rb1 Rbc7 32. Rbb3 Ne4 {0-} 0-1

[Event "45th FIDE Womens Olympiad 2024"]
[Site "Budapest"]
[Date "2024.09.19"]
[Round "8.195"]
[White "Munoz Cortez, Anahi Alexandra"]
[Black "El Harrak, Maryam"]
[Result "1/2-1/2"]
[ECO "B13"]
[WhiteElo "1868"]
[BlackElo "1639"]
[PlyCount "100"]
[EventDate "2024.09.05"]
[EventType "team-tourn"]
[EventCountry "HUN"]
[WhiteTeam "Nicaragua"]
[BlackTeam "Morocco"]
[WhiteTeamCountry "NCA"]
[BlackTeamCountry "MAR"]
[TimeControl "40/5400+30:1800+30"]

1. e4 c6 2. d4 d5 3. exd5 cxd5 4. Bd3 Nc6 5. c3 Nf6 6. h3 g6 7. Nf3 Bg7 8. Bf4 O-O 9. O-O Bf5 10. Bxf5 gxf5 11. Qc1 Kh8 12. Nbd2 Rc8 13. Re1 Re8 14. Nf1 Ne4 15. Qe3 f6 16. Nh4 e6 17. Nd2 Nxd2 18. Qxd2 Qd7 19. Bh6 Rg8 20. Re2 e5 21. dxe5 fxe5 22. Rd1 Bf6 23. Nf3 f4 24. Kh2 Rg6 25. Bxf4 exf4 26. Qxd5 Qxd5 27. Rxd5 Rcg8 28. Ne1 Rg5 29. Rd7 Re5 30. Rxe5 Bxe5 31. Nf3 Rg7 32. Rd5 Bc7 33. Rf5 Re7 34. Ng5 Kg7 35. f3 Kg6 36. Rd5 Re5 37. Rd7 Rxg5 38. Rxc7 Rb5 39. b3 a5 40. Rd7 Ne5 41. Rd6+ Kf7 42. c4 Rb4 43. Rd5 Nc6 44. Rf5+ Kg6 45. Rxf4 a4 46. Rg4+ Kf6 47. Rh4 Kg6 48. Rg4+ Kf6 49. Rh4 Kg6 50. Rg4+ Kf6 1/2-1/2

[Event "45th FIDE Womens Olympiad 2024"]
[Site "Budapest"]
[Date "2024.09.19"]
[Round "8.196"]
[White "El Barbry, Sarah"]
[Black "Alvarez Gutierrez, Patricia"]
[Result "1/2-1/2"]
[ECO "B12"]
[WhiteElo "1862"]
[BlackElo "1826"]
[PlyCount "69"]
[EventDate "2024.09.05"]
[EventType "team-tourn"]
[EventCountry "HUN"]
[WhiteTeam "Morocco"]
[BlackTeam "Nicaragua"]
[WhiteTeamCountry "FRA"]
[BlackTeamCountry "NCA"]
[TimeControl "40/5400+30:1800+30"]

1. e4 c6 2. d4 d5 3. e5 Bf5 4. h4 h6 5. Bd3 Bxd3 6. Qxd3 e6 7. c3 Qb6 8. Nf3 c5 9. O-O Nc6 10. Nbd2 cxd4 11. cxd4 Rc8 12. a3 a5 13. Nb1 Nge7 14. Nc3 Nf5 15. Nb5 Na7 16. Nxa7 Qxa7 17. Qb5+ Rc6 18. Bd2 a4 19. Rac1 Kd7 20. g4 Ne7 21. Ba5 Qa6 22. Qxa6 Rxa6 23. Bd2 Nc6 24. Rc2 Be7 25. Rfc1 Rc8 26. Kg2 Na7 27. Rxc8 Nxc8 28. g5 h5 29. Ne1 Nb6 30. Nd3 Nc4 31. Bc3 Rb6 32. Rc2 g6 33. Kf1 Bf8 34. Ke2 Be7 35. Kf1 1/2-1/2

[Event "45th FIDE Womens Olympiad 2024"]
[Site "Budapest"]
[Date "2024.09.19"]
[Round "8.197"]
[White "Fuad Kamel Jamaliah, Natalie"]
[Black "Chen, Chi"]
[Result "1-0"]
[ECO "D00"]
[WhiteElo "2003"]
[BlackElo "1746"]
[PlyCount "165"]
[EventDate "2024.09.05"]
[EventType "team-tourn"]
[EventCountry "HUN"]
[WhiteTeam "Jordan"]
[BlackTeam "Chinese Taipei"]
[WhiteTeamCountry "JOR"]
[BlackTeamCountry "TPE"]
[TimeControl "40/5400+30:1800+30"]

1. d4 Nf6 2. Bf4 e6 3. e3 d5 4. Nd2 c5 5. c3 Bd6 6. Bg3 Qc7 7. Ngf3 Nbd7 8. Bb5 O-O 9. Bxd6 Qxd6 10. O-O a6 11. Bxd7 Nxd7 12. Nb3 c4 13. Nbd2 b5 14. e4 dxe4 15. Nxe4 Qf4 16. Re1 Bb7 17. Qe2 Bxe4 18. Qxe4 Qxe4 19. Rxe4 Nf6 20. Ree1 Rfd8 21. Ne5 Rd6 22. a4 Rdd8 23. Nc6 Re8 24. h3 Nd5 25. axb5 axb5 26. g3 g6 27. Ne5 Kg7 28. Ng4 h5 29. Ne3 Nxe3 30. fxe3 g5 31. e4 f6 32. g4 Kg6 33. Kg2 h4 34. Rad1 Rad8 35. Rf1 Re7 36. Rd2 Red7 37. Rdf2 Rf7 38. Ra1 Rb8 39. Ra6 b4 40. cxb4 Rxb4 41. Rxe6 Kg7 42. d5 Rfb7 43. Rc6 Rxb2 44. Rc7+ Rxc7 45. Rxb2 Kf7 46. Rc2 Ke7 47. Kf3 Kd6 48. Ke3 Ke5 49. Rf2 Rf7 50. Rf5+ Kd6 51. Kd4 Rf8 52. Kxc4 Rc8+ 53. Kd4 Ke7 54. e5 fxe5+ 55. Rxe5+ Kf6 56. Rf5+ Kg6 57. Rf3 Ra8 58. Ke5 Ra5 59. Ke6 Ra2 60. d6 Re2+ 61. Kd5 Rd2+ 62. Kc6 Rc2+ 63. Kb7 Rd2 64. Kc7 Rc2+ 65. Kd8 Rd2 66. d7 Rd1 67. Rc3 Ra1 68. Kc7 Ra7+ 69. Kd6 Ra1 70. d8=Q Rd1+ 71. Kc7 Rxd8 72. Kxd8 Kh6 73. Rf3 Kg6 74. Ke7 Kg7 75. Rf6 Kg8 76. Ke6 Kg7 77. Kf5 Kh7 78. Kxg5 Kg7 79. Ra6 Kh7 80. Ra7+ Kg8 81. Kf6 Kh8 82. Kg6 Kg8 83. Ra8# 1-0

[Event "45th FIDE Womens Olympiad 2024"]
[Site "Budapest"]
[Date "2024.09.19"]
[Round "8.198"]
[White "Shih, Ching-An"]
[Black "Serina Arafat"]
[Result "1-0"]
[ECO "A07"]
[WhiteElo "1734"]
[BlackElo "1552"]
[PlyCount "93"]
[EventDate "2024.09.05"]
[EventType "team-tourn"]
[EventCountry "HUN"]
[WhiteTeam "Chinese Taipei"]
[BlackTeam "Jordan"]
[WhiteTeamCountry "TPE"]
[BlackTeamCountry "JOR"]
[TimeControl "40/5400+30:1800+30"]

1. Nf3 d5 2. g3 Nf6 3. Bg2 Bg4 4. d3 e6 5. O-O Bd6 6. Nbd2 Nbd7 7. c4 c6 8. a3 Rc8 9. b4 Bb8 10. Bb2 O-O 11. Rc1 Re8 12. e4 dxe4 13. dxe4 h6 14. Qc2 Bh5 15. Rfe1 c5 16. e5 Nh7 17. b5 b6 18. Nh4 g5 19. Nhf3 Bg6 20. Qb3 Qe7 21. h3 Rcd8 22. Nf1 Ndf8 23. Rcd1 Rxd1 24. Rxd1 Rd8 25. Ne3 Rxd1+ 26. Qxd1 Qd7 27. Qc1 Bh5 28. Nh2 Qd3 29. Nhg4 Bxg4 30. Nxg4 Kg7 31. Bf1 Qe4 32. Qd1 Qb7 33. Bg2 Qc7 34. Bc3 Qd7 35. Qf3 Qd8 36. Qe2 Nd7 37. Bc6 Qc7 38. Qd3 Ndf8 39. h4 Qe7 40. h5 Qc7 41. f4 gxf4 42. gxf4 a6 43. Qg3 Ng6 44. hxg6 fxg6 45. Qh4 h5 46. Nf6 axb5 47. Ne8+ 1-0

[Event "45th FIDE Womens Olympiad 2024"]
[Site "Budapest"]
[Date "2024.09.19"]
[Round "8.199"]
[White "Jeda Helal"]
[Black "Chen, I-Chen"]
[Result "1/2-1/2"]
[ECO "B13"]
[WhiteElo "1569"]
[BlackElo "1771"]
[PlyCount "81"]
[EventDate "2024.09.05"]
[EventType "team-tourn"]
[EventCountry "HUN"]
[WhiteTeam "Jordan"]
[BlackTeam "Chinese Taipei"]
[WhiteTeamCountry "JOR"]
[BlackTeamCountry "TPE"]
[TimeControl "40/5400+30:1800+30"]

1. e4 c6 2. d4 d5 3. exd5 cxd5 4. Bd3 Nf6 5. c3 Nc6 6. Bf4 g6 7. Nd2 Bg7 8. Ngf3 O-O 9. O-O Nh5 10. Be3 Qc7 11. Re1 e5 12. dxe5 Nxe5 13. Nxe5 Bxe5 14. Nf3 Bg7 15. Nd4 a6 16. Qf3 Nf6 17. h3 Be6 18. Bg5 Nd7 19. Bf4 Qb6 20. Nb3 Rac8 21. Qg3 Rfe8 22. h4 Nf6 23. Be5 Ne4 24. Bxe4 Bxe5 25. Qxe5 dxe4 26. Qxe4 Bxb3 27. Qxe8+ Rxe8 28. Rxe8+ Kg7 29. axb3 Qxb3 30. Rb1 Qc2 31. Ree1 a5 32. g3 b5 33. Rec1 Qb3 34. c4 bxc4 35. Rc3 Qb4 36. Rbc1 Qxb2 37. Rxc4 a4 38. R4c2 Qb3 39. Rc3 Qb2 40. R3c2 Qb3 41. Rc3 1/2-1/2

[Event "45th FIDE Womens Olympiad 2024"]
[Site "Budapest"]
[Date "2024.09.19"]
[Round "8.200"]
[White "Tsai, Sophie Yi-Hsuan"]
[Black "Ruba Al-Qudah"]
[Result "0-1"]
[ECO "E92"]
[WhiteElo "1668"]
[BlackElo "1937"]
[PlyCount "76"]
[EventDate "2024.09.05"]
[EventType "team-tourn"]
[EventCountry "HUN"]
[WhiteTeam "Chinese Taipei"]
[BlackTeam "Jordan"]
[WhiteTeamCountry "TPE"]
[BlackTeamCountry "JOR"]
[TimeControl "40/5400+30:1800+30"]

1. d4 Nf6 2. c4 g6 3. Nc3 Bg7 4. e4 O-O 5. Be3 d6 6. h3 e5 7. d5 a5 8. Be2 Na6 9. Nf3 Nc5 10. Nd2 Ne8 11. g4 f5 12. Qc2 Na6 13. gxf5 gxf5 14. f3 fxe4 15. Ncxe4 Bf5 16. O-O-O c6 17. Qb3 cxd5 18. cxd5 a4 19. Qa3 Rc8+ 20. Kb1 Nf6 21. Ka1 Kh8 22. Nxd6 Nxd5 23. Bxa6 Nxe3 24. Qxe3 Qxd6 25. Bxb7 a3 26. Be4 axb2+ 27. Kb1 Bh6 28. Qe2 Rc1+ 29. Rxc1 bxc1=Q+ 30. Kxc1 Bxe4 31. fxe4 Rc8+ 32. Kd1 Qd4 33. Qg2 Bxd2 34. Qxd2 Qa1+ 35. Ke2 Qxh1 36. Qd5 Rc2+ 37. Kd3 Qd1+ 38. Ke3 Qe2# {0-} 0-1

[Event "45th FIDE Womens Olympiad 2024"]
[Site "Budapest"]
[Date "2024.09.19"]
[Round "8.201"]
[White "Feng, Eunice"]
[Black "Amoko, Ivy Claire"]
[Result "1-0"]
[ECO "C54"]
[WhiteElo "1974"]
[BlackElo "1820"]
[PlyCount "71"]
[EventDate "2024.09.05"]
[EventType "team-tourn"]
[EventCountry "HUN"]
[WhiteTeam "Hong Kong, China"]
[BlackTeam "Uganda"]
[WhiteTeamCountry "HKG"]
[BlackTeamCountry "UGA"]
[TimeControl "40/5400+30:1800+30"]

1. e4 e5 2. Nf3 Nc6 3. Bc4 Bc5 4. c3 Nf6 5. d3 a6 6. O-O Ba7 7. Nbd2 d6 8. Bb3 Qe7 9. Re1 O-O 10. h3 h6 11. Nf1 Be6 12. Ng3 Kh7 13. Bc2 Ng8 14. d4 Bd7 15. Be3 g6 16. Qd2 Rad8 17. Rad1 Qf6 18. Nh2 Qh4 19. a4 Bc8 20. Qc1 Nce7 21. Nf3 Qf6 22. dxe5 Bxe3 23. exf6 Bxc1 24. fxe7 Nxe7 25. Rxc1 Kg7 26. e5 d5 27. Nd4 c5 28. Nb3 b6 29. a5 c4 30. Nd4 b5 31. f4 f6 32. exf6+ Kxf6 33. Re5 Rd6 34. Rce1 Re8 35. f5 g5 36. Nh5+ 1-0

[Event "45th FIDE Womens Olympiad 2024"]
[Site "Budapest"]
[Date "2024.09.19"]
[Round "8.202"]
[White "Sana Omprakash Kayyar"]
[Black "Leung, Hoi Ting"]
[Result "1-0"]
[ECO "D30"]
[WhiteElo "1937"]
[BlackElo "1619"]
[PlyCount "93"]
[EventDate "2024.09.05"]
[EventType "team-tourn"]
[EventCountry "HUN"]
[WhiteTeam "Uganda"]
[BlackTeam "Hong Kong, China"]
[WhiteTeamCountry "UGA"]
[BlackTeamCountry "HKG"]
[TimeControl "40/5400+30:1800+30"]

1. d4 Nf6 2. Nf3 e6 3. c4 d5 4. g3 c5 5. cxd5 exd5 6. Bg2 Nc6 7. O-O cxd4 8. Nxd4 Nxd4 9. Qxd4 Qb6 10. Qxb6 axb6 11. Nc3 Be6 12. Rd1 Rd8 13. Bf4 Bc5 14. Rac1 O-O 15. Na4 Ra8 16. Nxc5 bxc5 17. Rxc5 Rxa2 18. Rb5 d4 19. h3 Bc4 20. Rxb7 Bxe2 21. Rxd4 Re8 22. Bg5 Ra1+ 23. Kh2 Bh5 24. b4 h6 25. Be3 Ra2 26. Rd2 Rxd2 27. Bxd2 Re2 28. Be3 Bg6 29. b5 Ne4 30. Bf3 Rb2 31. Rb8+ Kh7 32. Kg2 Nc3 33. b6 Be4 34. Bd4 Bxf3+ 35. Kxf3 Rb3 36. Bxc3 Rxc3+ 37. Ke4 Kg6 38. Rd8 Rb3 39. Rd6+ f6 40. Kd5 Kf5 41. Kc6 Rb2 42. b7 Ke4 43. Kc7 Kf3 44. Rb6 Rxb6 45. Kxb6 Kxf2 46. b8=Q Kg2 47. h4 1-0

[Event "45th FIDE Womens Olympiad 2024"]
[Site "Budapest"]
[Date "2024.09.19"]
[Round "8.203"]
[White "Liu, Tian Yi"]
[Black "Kawuma Patricia"]
[Result "1-0"]
[ECO "C53"]
[WhiteElo "1607"]
[BlackElo "1839"]
[PlyCount "107"]
[EventDate "2024.09.05"]
[EventType "team-tourn"]
[EventCountry "HUN"]
[WhiteTeam "Hong Kong, China"]
[BlackTeam "Uganda"]
[WhiteTeamCountry "HKG"]
[BlackTeamCountry "UGA"]
[TimeControl "40/5400+30:1800+30"]

1. e4 e5 2. Nf3 Nc6 3. Bc4 Bc5 4. c3 d6 5. d4 exd4 6. cxd4 Bb4+ 7. Nc3 h6 8. O-O Bxc3 9. bxc3 Nge7 10. Ba3 O-O 11. Re1 Bg4 12. Qd3 Re8 13. d5 Ne5 14. Nxe5 dxe5 15. Qg3 Bd7 16. Qxe5 Ng6 17. Qg3 Ne5 18. Be2 Rc8 19. Bc5 Qg5 20. f4 Qxg3 21. hxg3 Ng4 22. Bf3 h5 23. e5 b6 24. Ba3 Bf5 25. c4 g6 26. Rac1 Kh7 27. c5 bxc5 28. Rxc5 Nf6 29. Kf2 Nd7 30. Rc6 Nb6 31. Rec1 Rcd8 32. Rxc7 Nxd5 33. Rxf7+ Kg8 34. Rxa7 g5 35. Bxh5 gxf4 36. Bf7+ Kg7 37. Bxd5+ Kh6 38. Bd6 fxg3+ 39. Kxg3 Be6 40. Rh1+ Kg5 41. Bxe6 Rxe6 42. Be7+ Rxe7 43. Rxe7 Rd3+ 44. Kf2 Rd2+ 45. Ke3 Rxa2 46. Rg7+ Kf5 47. Rh5+ Ke6 48. Rg6+ Kd5 49. e6+ Kd6 50. Rh7 Ra1 51. e7+ Kd5 52. Kf4 Ra4+ 53. Kf5 Ra8 54. Re6 1-0

[Event "45th FIDE Womens Olympiad 2024"]
[Site "Budapest"]
[Date "2024.09.19"]
[Round "8.204"]
[White "Takali Milly"]
[Black "Liang, Liyun"]
[Result "1-0"]
[ECO "D02"]
[WhiteElo "1707"]
[BlackElo "1463"]
[PlyCount "91"]
[EventDate "2024.09.05"]
[EventType "team-tourn"]
[EventCountry "HUN"]
[WhiteTeam "Uganda"]
[BlackTeam "Hong Kong, China"]
[WhiteTeamCountry "UGA"]
[BlackTeamCountry "HKG"]
[TimeControl "40/5400+30:1800+30"]

1. d4 d5 2. Bf4 e6 3. Nf3 Nf6 4. e3 b6 5. Bd3 Bb7 6. Nbd2 c5 7. c3 Bd6 8. Ne5 Qc7 9. g4 Nbd7 10. g5 Ne4 11. Bb5 O-O-O 12. Bxd7+ Rxd7 13. Nxd7 Qxd7 14. Nxe4 Bxf4 15. exf4 dxe4 16. dxc5 Qc7 17. Qd6 bxc5 18. Qxc7+ Kxc7 19. Rg1 g6 20. Ke2 Rb8 21. Ke3 Bd5 22. b3 a6 23. c4 Bc6 24. Rad1 Rb7 25. h4 Rb8 26. Rh1 Kb6 27. h5 Kc7 28. hxg6 hxg6 29. Rh7 Rf8 30. Rdh1 Rd8 31. Rxf7+ Kb6 32. Rh6 Rd3+ 33. Ke2 Rc3 34. Rxg6 Rc2+ 35. Ke1 Rc1+ 36. Kd2 Ra1 37. Rxe6 Rxa2+ 38. Ke3 Rb2 39. Rxc6+ Kxc6 40. Kxe4 Rxb3 41. g6 Rb1 42. g7 Rg1 43. f5 a5 44. Rf6+ Kb7 45. Rg6 Rxg6 46. fxg6 1-0

[Event "45th FIDE Womens Olympiad 2024"]
[Site "Budapest"]
[Date "2024.09.19"]
[Round "8.205"]
[White "Henderson de La Fuente, Andrea"]
[Black "Nahed Galab"]
[Result "1-0"]
[ECO "B23"]
[WhiteElo "1986"]
[BlackElo "1693"]
[PlyCount "47"]
[EventDate "2024.09.05"]
[EventType "team-tourn"]
[EventCountry "HUN"]
[WhiteTeam "Andorra"]
[BlackTeam "Sudan"]
[WhiteTeamCountry "AND"]
[BlackTeamCountry "SUD"]
[TimeControl "40/5400+30:1800+30"]

1. e4 c5 2. Nc3 Nc6 3. Bb5 g6 4. f4 Bg7 5. Bxc6 bxc6 6. Nf3 d6 7. O-O Nf6 8. d3 O-O 9. Qe1 Qc7 10. Qh4 Rb8 11. f5 a5 12. Bh6 Rxb2 13. Ng5 e6 14. e5 dxe5 15. Nce4 Nh5 16. Bxg7 Kxg7 17. f6+ Kg8 18. g4 Qa7 19. c4 Qd7 20. gxh5 Kh8 21. hxg6 fxg6 22. Qh6 Rf7 23. Nxf7+ Qxf7 24. Ng5 1-0

[Event "45th FIDE Womens Olympiad 2024"]
[Site "Budapest"]
[Date "2024.09.19"]
[Round "8.206"]
[White "Sabreen Oraby"]
[Black "De la Riva Real, Ariadna"]
[Result "1-0"]
[ECO "A25"]
[WhiteElo "1812"]
[BlackElo "1823"]
[PlyCount "79"]
[EventDate "2024.09.05"]
[EventType "team-tourn"]
[EventCountry "HUN"]
[WhiteTeam "Sudan"]
[BlackTeam "Andorra"]
[WhiteTeamCountry "SUD"]
[BlackTeamCountry "AND"]
[TimeControl "40/5400+30:1800+30"]

1. c4 e5 2. g3 Nc6 3. Bg2 f5 4. Nc3 Nf6 5. e3 d6 6. Nge2 g6 7. d4 Bg7 8. b4 O-O 9. b5 Ne7 10. Ba3 e4 11. Nf4 Qe8 12. h4 a6 13. Qb3 Qf7 14. bxa6 Rxa6 15. Nb5 Nc6 16. Rc1 Rd8 17. Qc3 d5 18. Bf1 Bf8 19. Bxf8 Kxf8 20. cxd5 Nxd5 21. Nxd5 Rxd5 22. Bc4 Be6 23. Bxd5 Bxd5 24. Qc5+ Kg7 25. Nxc7 Qxc7 26. Qxd5 Qe7 27. Rb1 Nb4 28. Qb3 Nd3+ 29. Ke2 Ra3 30. Qc4 Qd7 31. Rb6 Ra4 32. Qc2 Nb4 33. Qb3 Rxa2+ 34. Kf1 Ra1+ 35. Kg2 Rxh1 36. Kxh1 f4 37. Qxb4 Qh3+ 38. Kg1 f3 39. Rxb7+ Kg8 40. Qc4+ 1-0

[Event "45th FIDE Womens Olympiad 2024"]
[Site "Budapest"]
[Date "2024.09.19"]
[Round "8.207"]
[White "Muratet Carmona, Julia"]
[Black "Rawan Mansor"]
[Result "1-0"]
[ECO "A25"]
[WhiteElo "1816"]
[BlackElo "1717"]
[PlyCount "101"]
[EventDate "2024.09.05"]
[EventType "team-tourn"]
[EventCountry "HUN"]
[WhiteTeam "Andorra"]
[BlackTeam "Sudan"]
[WhiteTeamCountry "AND"]
[BlackTeamCountry "SUD"]
[TimeControl "40/5400+30:1800+30"]

1. c4 e5 2. Nc3 Nf6 3. e4 Nc6 4. g3 a6 5. Bg2 Bc5 6. Nge2 d6 7. h3 Be6 8. d3 h6 9. Be3 Bxe3 10. fxe3 Nh5 11. Kd2 Qg5 12. g4 Nf6 13. Nd5 O-O-O 14. Ng3 h5 15. Nxf6 Qxf6 16. Nxh5 Qg5 17. Qf3 Nd4 18. Qf2 Rh7 19. Kc3 Nc6 20. b4 f5 21. exf5 Bxf5 22. Qxf5+ Qxf5 23. gxf5 Rxh5 24. Bxc6 bxc6 25. Raf1 Rdh8 26. Rf3 Rf8 27. e4 Kd7 28. Rg1 Rh7 29. Rfg3 Rf7 30. d4 Ke7 31. dxe5 dxe5 32. c5 Kf8 33. Rd1 Ke8 34. Rgd3 Rh4 35. Re3 Rf6 36. Rg1 Kf7 37. Kb3 g6 38. fxg6+ Rxg6 39. Rxg6 Kxg6 40. Ka4 Kg5 41. Ka5 Kf4 42. Rc3 Rh8 43. Kxa6 Kxe4 44. Kb7 Kd4 45. Rg3 e4 46. Kxc6 Rh7 47. a4 e3 48. a5 Rf7 49. Rxe3 Kxe3 50. a6 Rf6+ 51. Kb7 1-0

[Event "45th FIDE Womens Olympiad 2024"]
[Site "Budapest"]
[Date "2024.09.19"]
[Round "8.208"]
[White "Elizabeth  Tanyous"]
[Black "Muratet Carmona, Alexandra"]
[Result "0-1"]
[ECO "B40"]
[WhiteElo "1530"]
[BlackElo "1796"]
[PlyCount "82"]
[EventDate "2024.09.05"]
[EventType "team-tourn"]
[EventCountry "HUN"]
[WhiteTeam "Sudan"]
[BlackTeam "Andorra"]
[WhiteTeamCountry "SUD"]
[BlackTeamCountry "AND"]
[TimeControl "40/5400+30:1800+30"]

1. e4 c5 2. Nf3 e6 3. c4 Nc6 4. Nc3 b6 5. d4 cxd4 6. Nxd4 Bb7 7. Nxc6 dxc6 8. Bd3 Qf6 9. O-O Rd8 10. Be3 e5 11. Qd2 Be7 12. a3 Qg6 13. Qc2 Nf6 14. Ne2 Ng4 15. Ng3 Nxe3 16. fxe3 O-O 17. b4 c5 18. b5 Rd7 19. Rad1 Bg5 20. Rf3 Rfd8 21. Kh1 h5 22. Nf5 h4 23. Rh3 Qf6 24. Be2 Rxd1+ 25. Bxd1 g6 26. Rf3 gxf5 27. Rf1 Bxe4 28. Qa2 Bxe3 29. Bf3 Bxf3 30. gxf3 Rd2 31. Rg1+ Kf8 32. Qb3 Bxg1 33. Qc3 Qd6 34. f4 Rxh2+ 35. Kxg1 Qd4+ 36. Qxd4 exd4 37. a4 d3 38. Kf1 d2 39. Kg1 d1=Q+ 40. Kxh2 Qf3 41. a5 h3 {0-} 0-1

[Event "45th FIDE Womens Olympiad 2024"]
[Site "Budapest"]
[Date "2024.09.19"]
[Round "8.210"]
[White "Makwena, Christine"]
[Black "Bantiwalu, Aster Melake"]
[Result "1-0"]
[ECO "C44"]
[WhiteElo "1860"]
[BlackElo "1704"]
[PlyCount "75"]
[EventDate "2024.09.05"]
[EventType "team-tourn"]
[EventCountry "HUN"]
[WhiteTeam "Zimbabwe"]
[BlackTeam "Ethiopia"]
[WhiteTeamCountry "ZIM"]
[BlackTeamCountry "ETH"]
[TimeControl "40/5400+30:1800+30"]

1. e4 e5 2. Nf3 Nc6 3. d4 exd4 4. Bc4 Bb4+ 5. c3 dxc3 6. bxc3 Ba5 7. O-O Nge7 8. Ng5 Ne5 9. Bb3 h6 10. Nxf7 Nxf7 11. Bxf7+ Kxf7 12. Qh5+ Kg8 13. Qxa5 Kh7 14. Bb2 d6 15. c4 Nc6 16. Qc3 Qe7 17. Nd2 Bd7 18. f4 Raf8 19. Rae1 Rf7 20. e5 dxe5 21. fxe5 Rhf8 22. Ba3 Rxf1+ 23. Nxf1 Qf7 24. Bxf8 Qxf8 25. e6 Be8 26. Ng3 Bg6 27. Qe3 Qe7 28. a3 a6 29. Ne2 Qh4 30. Nf4 Be8 31. Qe4+ Kg8 32. g3 Qg5 33. Nd5 Bg6 34. Qe3 Qg4 35. e7 Qxc4 36. e8=Q+ Bxe8 37. Qxe8+ Kh7 38. Qe4+ 1-0

[Event "45th FIDE Womens Olympiad 2024"]
[Site "Budapest"]
[Date "2024.09.19"]
[Round "8.213"]
[White "Sakai, Azumi"]
[Black "Lyons, Kieran"]
[Result "1-0"]
[ECO "A84"]
[WhiteElo "1871"]
[BlackElo "1818"]
[PlyCount "71"]
[EventDate "2024.09.05"]
[EventType "team-tourn"]
[EventCountry "HUN"]
[WhiteTeam "Japan"]
[BlackTeam "Fiji"]
[WhiteTeamCountry "JPN"]
[BlackTeamCountry "FIJ"]
[TimeControl "40/5400+30:1800+30"]

1. d4 f5 2. c4 e6 3. Nf3 Nf6 4. g3 b6 5. Bg2 Bb7 6. O-O a5 7. a3 Na6 8. Nc3 Be7 9. d5 Nc5 10. Nd4 O-O 11. Bf4 Nh5 12. e3 Nf6 13. Ncb5 d6 14. dxe6 Bxg2 15. Kxg2 Qc8 16. Nxf5 Re8 17. Nxe7+ Rxe7 18. Bg5 Qxe6 19. Bxf6 Qxf6 20. Qd5+ Kf8 21. Qxa8+ Kf7 22. Qd5+ Kf8 23. b4 Nb3 24. Rad1 g6 25. c5 dxc5 26. bxc5 Nxc5 27. Qf3 Qxf3+ 28. Kxf3 Kf7 29. Rd4 Ke6 30. Rfd1 Ke5 31. Rd5+ Kf6 32. Nc3 h5 33. Rxc5 bxc5 34. Nd5+ Ke6 35. Nxe7 Kxe7 36. Ke4 1-0